 Dungeon Crawl Stone Soup version 0.21.0-3-g78d12a8 (webtiles) character file.

5237 MovingMist the Protected (level 10, 0/63 HPs)
             Began as a Gargoyle Fighter on Jan 10, 2018.
             Was a High Priest of Okawaru.
             Killed from afar by Erica (33 damage)
             ... with an orb of energy
             ... on level 8 of the Dungeon.
             The game lasted 00:31:12 (8248 turns).

MovingMist the Protected (Gargoyle Fighter)         Turns: 8248, Time: 00:31:13

Health: 0/63       AC: 23    Str: 21    XL:     10   Next: 61%
Magic:  10/10      EV:  5    Int:  8    God:    Okawaru [*****.]
Gold:   395        SH: 17    Dex: 12    Spells: 9/9 levels left

rFire    + . .     SeeInvis .   L - +1 whip (elec)
rCold    . . .     Gourm    .   N - +0 large shield
rNeg     + . .     Faith    .   z - +0 plate armour
rPois    ∞         Spirit   .   j - +2 hat
rElec    +         Reflect  +   (no cloak)
rCorr    .         Harm     .   (no gloves)
MR       .....                  (no boots)
Stlth    ..........             K - +3 amulet of reflection
HPRegen  0.20/turn              i - ring of protection from fire
MPRegen  0.12/turn              g - ring of wizardry

@: slowed, very slow
A: negative energy resistance 1, electricity resistance, unbreathing,
petrification resistance, rot immunity, AC +7
a: Heroism, Finesse, Renounce Religion


You were on level 8 of the Dungeon.
You worshipped Okawaru.
Okawaru was extremely pleased with you.
You were not hungry.

You visited 2 branches of the dungeon, and saw 9 of its levels.
You also visited: Sewer.

You collected 445 gold pieces.
You spent 50 gold pieces at shops.

Inventory:

Hand Weapons
 a - a +0 war axe
 m - a +2 whip of freezing
 E - a +1 flail
 F - a +0 mace of crushing
 L - a +1 whip of electrocution (weapon)
Missiles
 u - 2 throwing nets (quivered)
Armour
 j - a +2 hat (worn)
 z - a +0 plate armour (worn)
 N - a +0 large shield (worn)
Jewellery
 g - a ring of wizardry (right hand)
 i - a ring of protection from fire (left hand)
 J - an uncursed ring of protection from cold {unknown}
 K - a +3 amulet of reflection (around neck)
Wands
 e - a wand of flame (22)
 x - a wand of paralysis (18)
 H - a wand of scattershot (6)
 I - a wand of iceblast (11)
Scrolls
 h - 6 scrolls of remove curse
 k - 2 scrolls of amnesia
 l - 4 scrolls of teleportation
 n - 2 scrolls of fear {unknown}
 p - 2 scrolls of magic mapping {unknown}
 q - 2 scrolls of enchant armour {unknown}
 t - a scroll of fog {unknown}
 v - a scroll of random uselessness {unknown}
 y - a scroll of noise {unknown}
 C - a scroll of enchant weapon {unknown}
 M - a scroll of identify
Potions
 d - 5 potions of flight
 o - 5 potions of curing
 r - a potion of haste
 s - a potion of degeneration
 w - a potion of might
 A - a potion of invisibility {unknown}
 B - 2 potions of magic {unknown}
 D - 2 potions of lignification {unknown}
 G - 6 potions of mutation {unknown}
Comestibles
 b - a chunk of flesh
 f - 16 rations


   Skills:
 - Level 7.0 Fighting
 - Level 2.3(5.7) Axes
 + Level 9.1(9.2) Maces & Flails
 - Level 9.3 Armour
 + Level 6.1 Dodging
 * Level 3.8 Shields


You had 9 spell levels left.
You didn't know any spells.

Dungeon Overview and Level Annotations

Branches:
Dungeon (8/15)             Temple (1/1) D:4            Lair (0/6) D:8

Altars:
Cheibriados
Fedhas
Okawaru
Sif Muna
Trog
Uskayaw
Vehumet
Wu Jian
Xom

Shops:
D:6 !

Annotations:
D:8 Erica


Innate Abilities, Weirdness & Mutations

You are resistant to torment.
Your stone body is resilient. (AC +7)
You are immune to poison.
You resist negative energy. (rN+)
You are resistant to electric shocks. (rElec)
You can survive without breathing.
You are immune to petrification.
You are immune to rotting.


Message History

You block Erica's attack.
You closely miss Erica.
Erica is heavily wounded.
You block Erica's attack.
You barely miss Erica.
Erica is heavily wounded.
Erica hits you but does no damage.
You hit Erica.
Erica is heavily wounded.
Erica casts a spell at you.
You feel as though you will be slow longer.
Your plate armour prevents you from hitting Erica.
Erica is heavily wounded.
Erica hits you but does no damage.
You hit Erica but do no damage. Lightning courses through Erica!
Erica is severely wounded.
Erica points at you and mumbles some strange words.
The orb of energy hits you!
Ouch! That really hurt!
You die...

#.# ###.# #####
###.####...## #
#...).......### #
#.#...........# #
#.#.####.##÷#.####
#.#.# #...........
#.#.# #..##.#[####
#.#.# #..##.#.#
#@#.# #..##.# #
#@#.# #..##.# #.#
...##.# #.#
###.#... #.# #.
.#. #.# . . #.. ..
## ###


You could see Erica.

Vanquished Creatures
  The ghost of happinesssam the Basher, a novice TeGl of Gozag (D:8)
  Pikel (D:8)
  Psyche (D:8)
  Grinder (D:3)
  The ghost of p0werm0de the Chopper, an amateur GrCK of Xom (D:5)
  A hippogriff (D:7)
  The ghost of BonjourVileCrotch the Ruffian, an amateur TrTm (D:3)
  2 sky beasts
  2 ice beasts
  An orc warrior (D:7)
  A necrophage (D:8)
  An eye of draining (D:7)
  3 ogres
  3 centaurs
  A crocodile (D:7)
  2 big kobolds (Sewer)
  3 bullfrogs
  A scorpion (D:8)
  3 wights (D:7)
  A howler monkey (D:4)
  A crimson imp (D:6)
  A bullfrog zombie (D:5)
  Crazy Yiuf (D:5)
  2 bullfrog skeletons
  2 hounds
  2 jellies
  6 orc priests
  5 iguanas
  A centaur skeleton (D:4)
  A gnoll shaman (D:7)
  Natasha (thrice) (D:2)
  9 orc wizards
  2 worker ants
  A hound zombie (D:8)
  2 hound skeletons (D:4)
  A howler monkey zombie (D:7)
  15 gnolls
  A howler monkey skeleton (D:4)
  3 adders
  4 river rats
  A shadow imp (D:6)
  4 oozes
  An adder zombie (D:5)
  An adder skeleton (D:4)
  4 worms
  3 dart slugs
  7 leopard geckos
  31 orcs
  6 ball pythons
  9 giant cockroaches
  7 goblins
  4 hobgoblins
  11 jackals
  6 quokkas
  11 bats
  A frilled lizard (D:2)
  6 kobolds
  2 leopard gecko skeletons
  A quokka zombie (D:5)
  18 rats
228 creatures vanquished.

Vanquished Creatures (others)
  A slave (D:8)
  2 phantoms (D:8)
  An iguana (D:8)
  A leopard gecko (D:8)
5 creatures vanquished.

Grand Total: 233 creatures vanquished

Notes
Turn   | Place    | Note
-------+----------+-------------------------------------------
     0 | D:1      | MovingMist the Gargoyle Fighter began the quest for the Orb.
     0 | D:1      | Reached XP level 1. HP: 14/14 MP: 1/1
   292 | D:1      | Reached XP level 2. HP: 19/19 MP: 2/2
   367 | D:1      | Reached skill level 1 in Dodging
   855 | D:2      | Reached XP level 3. HP: 23/23 MP: 3/3
  1085 | D:1      | Reached XP level 4. HP: 16/29 MP: 1/4
  1832 | D:3      | Noticed BonjourVileCrotch's ghost (amateur TrTm)
  1839 | D:3      | Noticed Grinder
  1847 | D:3      | Noticed Natasha
  1870 | D:2      | Killed Natasha
  2092 | D:2      | Noticed Natasha
  2099 | D:2      | Killed Natasha
  2099 | D:2      | Reached XP level 5. HP: 33/33 MP: 5/5
  2262 | D:3      | Paralysed by Grinder for 3 turns
  2275 | D:3      | Paralysed by Grinder for 3 turns
  2312 | D:3      | Reached skill level 1 in Maces & Flails
  3056 | D:3      | Paralysed by Grinder for 7 turns
  3317 | D:2      | Noticed Natasha
  3336 | D:2      | Killed Natasha
  3336 | D:2      | Reached XP level 6. HP: 33/39 MP: 6/6
  3567 | D:3      | Killed BonjourVileCrotch's ghost
  3716 | D:3      | Paralysed by Grinder for 4 turns
  3730 | D:3      | Paralysed by Grinder for 2 turns
  3747 | D:3      | Paralysed by Grinder for 5 turns
  3773 | D:3      | Killed Grinder
  3773 | D:3      | Reached skill level 5 in Fighting
  3773 | D:3      | Reached skill level 5 in Armour
  3773 | D:3      | Reached XP level 7. HP: 15/44 MP: 7/7
  4004 | D:4      | Found a staircase to the Ecumenical Temple.
  4035 | Temple   | Entered the Ecumenical Temple
  4040 | Temple   | Became a worshipper of Warmaster Okawaru
  4591 | D:5      | Entered Level 5 of the Dungeon
  4644 | D:5      | Reached XP level 8. HP: 43/49 MP: 8/8
  4920 | D:5      | Found a glowing drain.
  4963 | Sewer    | Entered a sewer
  4973 | Sewer    | Reached skill level 5 in Dodging
  5334 | D:5      | Noticed p0werm0de's ghost (amateur GrCK)
  5346 | D:5      | Killed p0werm0de's ghost
  5346 | D:5      | Reached * piety under Okawaru
  5496 | D:5      | Found a runed door.
  5500 | D:5      | Noticed Crazy Yiuf
  5510 | D:5      | Killed Crazy Yiuf
  5545 | D:6      | Reached XP level 9. HP: 44/56 MP: 9/9
  6025 | D:6      | Found Ecva's Distillery.
  6036 | D:6      | Bought a potion of berserk rage for 50 gold pieces
  6101 | D:6      | Reached ** piety under Okawaru
  6534 | D:7      | Reached skill level 5 in Maces & Flails
  7019 | D:7      | Reached *** piety under Okawaru
  7196 | D:7      | Found a radiant altar of Vehumet.
  7262 | D:7      | Reached XP level 10. HP: 42/63 MP: 7/10
  7530 | D:8      | Noticed happinesssam's ghost (novice TeGl)
  7609 | D:8      | Killed happinesssam's ghost
  7609 | D:8      | Reached **** piety under Okawaru
  7807 | D:8      | Noticed Psyche
  7820 | D:8      | Killed Psyche
  7847 | D:8      | Found a staircase to the Lair.
  7870 | D:8      | Noticed Pikel
  7906 | D:8      | Killed Pikel
  8096 | D:8      | Reached ***** piety under Okawaru
  8212 | D:8      | Noticed Erica
  8248 | D:8      | Killed from afar by Erica

Skill      XL: |  1  2  3  4  5  6  7  8  9 10 |
---------------+-------------------------------+-----
Axes           | 2 |  2.3
Dodging        | 1 2 3 4 5 6 |  6.1
Fighting       | 4 5 6 7 |  7.0
Armour         | 4 5 6 8 9 |  9.3
Maces & Flails | 1 2 3 4 6 9 |  9.1
Shields        | |  3.8

Action                   |  1- 3 |  4- 6 |  7- 9 | 10-12 || total
-------------------------+-------+-------+-------+-------++-------
Melee: War axe           |    91 |    19 |       |       ||   110
       Whip              |       |   239 |   462 |    59 ||   760
       Mace              |       |       |   266 |   170 ||   436
Invok: Heroism           |       |       |     1 |       ||     1
  Use: Scroll            |       |     4 |     3 |       ||     7
       Potion            |       |     2 |     4 |       ||     6
 Stab: Invisible         |       |       |     1 |       ||     1
  Eat: Chunk             |     1 |     5 |    13 |     4 ||    23
       Ration            |       |     1 |       |       ||     1
Armor: Scale mail        |    61 |   201 |    32 |       ||   294
       Chain mail        |       |       |    37 |       ||    37
       Plate armour      |       |       |   525 |   116 ||   641
Dodge: Dodged            |    31 |   118 |   250 |    37 ||   436
Block: Shield            |    62 |   160 |   405 |    71 ||   698
       Large shield      |       |       |       |    18 ||    18
       Reflection        |       |       |       |     2 ||     2
